 Dungeon Crawl Stone Soup version 0.32-a0-473-gd044c6f0f0 (webtiles) character file.

Game seed: 8477012293215089802

5073 Sobieck the Arsonist (level 10, -2/81 HPs)
             Began as an Oni Fire Elementalist on Feb 25, 2024.
             Was a Priest of Vehumet.
             Slain by a meliai
             ... wielding a +0 hand axe
              (10 damage)
             ... on level 10 of the Dungeon.
             The game lasted 00:20:30 (12105 turns).

Sobieck the Arsonist (Oni Fire Elementalist)       Turns: 12105, Time: 00:20:30

Health: -2/81      AC:  5    Str: 14    XL:     10   Next: 56%
Magic:  32/32      EV:  9    Int: 26    God:    Vehumet [***...]
Gold:   505        SH:  0    Dex:  9    Spells: 15/28 levels left

rFire   . . .        x - staff of conjuration
rCold   . . .        (no shield)
rNeg    . . .        y - +0 robe "Kumociga" {Int+6}
rPois   +            (helmet restricted)
rElec   .            q - +1 cloak
rCorr   .            (gloves unavailable)
SInv    .            (boots unavailable)
Will    +....        c - amulet of magic regeneration
Stlth   +            o - ring of poison resistance
HPRegen 0.33/turn    e - ring of magical power
MPRegen 0.63/turn

%: no passive effects
@: no status effects
A: large, unfitting armour, horns 1, tough skin 1, double potion healing,
drunken brawling
a: Renounce Religion


You were on level 10 of the Dungeon.
You worshipped Vehumet.
Vehumet was most pleased with you.
You visited 1 branch of the dungeon, and saw 10 of its levels.

You collected 629 gold pieces.
You spent 124 gold pieces at shops.

Inventory:

Hand Weapons
 n - a +0 dagger
 r - a +2 quarterstaff of chaos
Missiles
 k - 15 poisoned darts
 F - 2 curare-tipped darts
Armour
 a - a +0 robe
 g - a scarf of repulsion
 i - a +2 robe of positive energy
 q - a +1 cloak (worn)
 y - the +0 robe "Kumociga" (worn) {Int+6}
   (You took it off a gnoll on level 8 of the Dungeon)

   Int+6:     It affects your intelligence (+6).
Magical Staves
 x - a staff of conjuration (weapon)
 z - a staff of air
Jewellery
 c - an amulet of magic regeneration (around neck)
 e - a ring of magical power (right hand)
 o - a ring of poison resistance (left hand)
 v - a +6 ring of dexterity
Wands
 D - a wand of digging (5)
Scrolls
 d - 3 scrolls of blinking
 h - 2 scrolls of fear
 j - 3 scrolls of amnesia
 l - a scroll of vulnerability
 s - a scroll of enchant armour
 u - a scroll of butterflies
 R - a scroll of identify
 T - 3 scrolls of teleportation
Potions
 b - a potion of magic
 f - 2 potions of enlightenment
 m - 8 potions of heal wounds
 p - a potion of invisibility
 t - a potion of cancellation
 w - 2 potions of attraction
 A - 3 potions of might
 C - 3 potions of resistance
 H - 4 potions of haste
 Q - 3 potions of curing


   Skills:
 - Level 1.7 Dodging
 - Level 1.4 Stealth
 + Level 9.6 Spellcasting
 + Level 7.3 Conjurations
 + Level 9.6 Fire Magic


You had 15 spell levels left.
You knew the following spells:

 Your Spells              Type           Power      Damage    Failure   Level
a - Foxfire               Conj/Fire      100%       2x1d9     1%          1
b - Scorch                Fire           100%       2d9       1%          2
c - Flame Wave            Conj/Fire      71%        2d16      1%          4
d - Starburst             Conj/Fire      35%        6d10      6%          6

Your spell library contained the following spells:

 Spells                   Type           Power      Damage    Failure   Level
 Frozen Ramparts          Ice            24%        1d4       4%          3
 Kiss of Death            Conj/Necr      100%       2d13      1%          1
 Dazzling Flash           Conj/Hex       94%        N/A       1%          3
 Inner Flame              Hex/Fire       37%        N/A       1%          3
 Mephitic Cloud           Conj/Alch/Air  37%        N/A       1%          3
 Volatile Blastmotes      Fire/Tloc      74%        2d16      1%          3
 Mercury Vapours          Alch/Air       24%        N/A       2%          2
 Apportation              Tloc           24%        N/A       4%          1
 Jinxbite                 Hex            24%        N/A       8%          2
 Freezing Cloud           Conj/Ice/Air   18%        6-21      13%         5
 Confusing Touch          Hex            12%        N/A       14%         3
 Dispel Undead            Necr           12%        3d9       43%         4
 Alistair's Intoxication  Alch           8%         N/A       80%         5
 Curse of Agony           Necr           12%        N/A       80%         5
 Silence                  Hex/Air        6%         N/A       80%         5
 Maxwell's Capacitive Co  Air            6%         ∞         100%        8


Dungeon Overview and Level Annotations

Branches:
Dungeon (10/15)            Temple (0/1) D:7
   Lair: D:8-11         Orc: D:9-12

Altars:
Ashenzari
Cheibriados
Fedhas
Kikubaaqudgha
Sif Muna
Vehumet
Wu Jian
Xom
The Shining One

Shops:
D:4 *   D:7 (

Annotations:
D:6 Duvessa
D:9 1 runed translucent door, anacleto's ghost, novice DEEE


Innate Abilities, Weirdness & Mutations

You are too large for most types of armour.
You have a pair of small horns on your head.
You have tough skin. (AC +1)
You gain doubled healing and magic from potions.
Whenever you drink a healing potion, you attack all around you.


Message History

Unknown command.
You now have 505 gold pieces (gained 9).
A cyclops comes into view.
Unknown command.
Unknown command.
Unknown command.
You feel a surge of power!
You conjure some foxfire!
You feel a surge of power!
You conjure some foxfire!
The cyclops shouts!
You hear a shout!
A meliai comes into view. It is wielding a +0 hand axe.
You feel a surge of power!
You conjure some foxfire!
The foxfire hits the cyclops.
The cyclops is lightly wounded.
The foxfire hits the cyclops.
The cyclops is lightly wounded.
The foxfire hits the meliai.
The meliai is moderately wounded.
You feel a surge of power!
You conjure some foxfire!
The foxfire hits the meliai.
The meliai is heavily wounded.
The foxfire hits the meliai.
The meliai is heavily wounded.
A centaur warrior comes into view.
A boulder beetle comes into view. x2
The foxfire hits the meliai but does no damage.
The meliai is heavily wounded.
The foxfire hits the meliai but does no damage.
The meliai is heavily wounded.
The foxfire hits the meliai.
The meliai is severely wounded.
The meliai invokes the aid of its god against you.
Something smites you!
The meliai invokes the aid of its god against you.
Something smites you! The meliai attacks as it pursues you!
The meliai hits you with a +0 hand axe!
* * * LOW HITPOINT WARNING * * *
The meliai stings you.
* * * LOW HITPOINT WARNING * * *
The centaur warrior wields a +0 shortbow.
The centaur warrior shoots an arrow.
The arrow hits you!!
* * * LOW HITPOINT WARNING * * *
The meliai hits you with a +0 hand axe!
* * * LOW HITPOINT WARNING * * *
The meliai stings you.
* * * LOW HITPOINT WARNING * * *
There is a stone staircase leading up, spattered with blood here.
Unknown command.
The centaur warrior shoots an arrow.
The arrow barely misses you. The meliai hits you with a +0 hand axe!
You die...

#............#
#............#
#............###.
#................
##.............##
...............#
#####......c.C.#
#....###.#.#
#@y..# ../.B
#....# ##.#.c
#....# .# B
#.(..# # .....#
......# ####...#
#...#


You could see a centaur warrior and a meliai.

Vanquished Creatures
  A two-headed ogre (D:9)
  Prince Ribbit (D:7)
  A wyvern (D:7)
  A steam dragon (D:8)
  3 water moccasins
  2 orc warriors (D:9)
  A sky beast (D:7)
  A black bear (D:8)
  4 ogres
  2 centaurs
  2 kobold brigands
  3 bullfrogs
  3 scorpions
  A gnoll sergeant (D:8)
  9 wights (D:7)
  9 killer bees
  Dowan (D:7)
  An electric eel (D:7)
  2 bombardier beetles
  6 howler monkeys
  3 hounds
  4 jellies
  Crazy Yiuf (D:2)
  7 orc priests
  Jessica (D:2)
  3 iguanas (D:5)
  6 orc wizards
  11 gnolls
  10 adders
  A shadow imp (D:7)
  2 white imps
  2 ufetubi (D:6)
  2 dart slugs (D:2)
  A ribbon worm (D:4)
  32 orcs
  14 ball pythons
  5 endoplasms
  5 giant cockroaches
  4 goblins
  6 hobgoblins
  10 jackals
  10 kobolds
  2 quokkas
  4 bats
  3 frilled lizards
  6 rats
209 creatures vanquished.

Vanquished Creatures (others)
  904 foxfires
904 creatures vanquished.

Grand Total: 1113 creatures vanquished

Notes
Turn   | Place    | Note
-------+----------+-------------------------------------------
     0 | D:1      | Sobieck the Oni Fire Elementalist began the quest for the
                  | Orb.
     0 | D:1      | Reached XP level 1. HP: 16/16 MP: 3/3
    57 | D:1      | Reached skill level 1 in Conjurations
   215 | D:1      | Reached skill level 3 in Fire Magic
   215 | D:1      | Reached XP level 2. HP: 24/24 MP: 2/5
   221 | D:1      | Learned a level 2 spell: Scorch
   966 | D:1      | Reached XP level 3. HP: 31/31 MP: 2/7
  1495 | D:2      | Found a runed translucent door.
  1496 | D:2      | Noticed Crazy Yiuf
  1602 | D:2      | Noticed Jessica
  1605 | D:2      | Killed Jessica
  1606 | D:2      | Reached skill level 3 in Spellcasting
  1606 | D:2      | Reached XP level 4. HP: 39/39 MP: 4/8
  2440 | D:2      | Killed Crazy Yiuf
  2441 | D:2      | Reached XP level 5. HP: 45/45 MP: 2/10
  2600 | D:3      | Found a faded altar of an unknown god.
  3141 | D:3      | Found a glowing golden altar of the Shining One.
  3871 | D:4      | Found a broken altar of Ashenzari.
  3896 | D:4      | Reached XP level 6. HP: 53/53 MP: 7/11
  4409 | D:4      | Reached skill level 3 in Conjurations
  4693 | D:4      | Reached XP level 7. HP: 59/59 MP: 7/13
  5077 | D:4      | Found Yriu's Assorted Antiques.
  5081 | D:4      | Bought a scroll labelled ZICWUY NERGHI for 26 gold pieces
  5081 | D:4      | Bought a scroll labelled LUHIGR TOYXUMM for 26 gold pieces
  5081 | D:4      | Bought a coppery potion for 23 gold pieces
  5081 | D:4      | Bought a scroll labelled TUOLAE PEFFIJ for 26 gold pieces
  5081 | D:4      | Bought a bubbling coppery potion for 23 gold pieces
  5177 | D:4      | Identified a scroll of acquirement
  5177 | D:4      | Acquired a book of Spectacle
  5245 | D:5      | Entered Level 5 of the Dungeon
  5748 | D:5      | Reached skill level 6 in Fire Magic
  5828 | D:5      | Found a radiant altar of Vehumet.
  5832 | D:5      | Became a worshipper of Vehumet
  5864 | D:5      | Found a shimmering altar of Xom.
  6247 | D:5      | Reached XP level 8. HP: 67/67 MP: 4/15
  7399 | D:6      | Reached * piety under Vehumet
  7399 | D:6      | Offered knowledge of Magic Dart by Vehumet.
  7695 | D:6      | Reached skill level 6 in Spellcasting
  7768 | D:6      | Found a shimmering blue altar of Sif Muna.
  8285 | D:7      | Found a staircase to the Ecumenical Temple.
  8391 | D:7      | Learned a level 4 spell: Flame Wave
  8522 | D:7      | Noticed Prince Ribbit
  8528 | D:7      | Killed Prince Ribbit
  8529 | D:7      | Reached XP level 9. HP: 41/74 MP: 19/19
  8786 | D:7      | Noticed Dowan
  8851 | D:7      | Killed Dowan
  9063 | D:7      | Noticed Duvessa
  9227 | D:8      | Found an ornate altar of the Wu Jian Council.
  9487 | D:7      | Reached ** piety under Vehumet
  9487 | D:7      | Offered knowledge of Sandblast by Vehumet.
  9556 | D:7      | Reached skill level 6 in Conjurations
  9703 | D:7      | Found a blossoming altar of Fedhas.
  9870 | D:7      | Found Liduk's Weapon Shoppe.
 10124 | D:8      | Reached XP level 10. HP: 79/81 MP: 22/22
 10148 | D:8      | Reached skill level 9 in Fire Magic
 10377 | D:8      | Identified the +0 robe "Kumociga" {Int+6}
 10706 | D:8      | Found a snail-covered altar of Cheibriados.
 11059 | D:9      | Noticed a two-headed ogre
 11154 | D:9      | Reached skill level 9 in Spellcasting
 11155 | D:9      | Offered knowledge of Frozen Ramparts by Vehumet.
 11336 | D:9      | Reached *** piety under Vehumet
 11397 | D:9      | Learned a level 6 spell: Starburst
 11525 | D:9      | Killed a two-headed ogre
 11556 | D:9      | Found a runed translucent door.
 11563 | D:9      | Noticed anacleto's ghost (novice DEEE)
 11883 | D:9      | Found an ancient bone altar of Kikubaaqudgha.
 12084 | D:10     | Entered Level 10 of the Dungeon
 12095 | D:10     | Noticed a cyclops
 12097 | D:10     | Noticed a meliai
 12099 | D:10     | Noticed a centaur warrior
 12099 | D:10     | Noticed a boulder beetle
 12099 | D:10     | Noticed a boulder beetle
 12105 | D:10     | Slain by a meliai

Illustrated notes

Levels and vault maps discovered:
D:1:      dpeg_arrival_shelter, layout_loops_ring
D:2:      layout_loops_ring, uniq_crazy_yiuf_cottage, uniq_jessica
D:3:      layout_basic, tso_metal_star,
          hellmonk_ecumenical_altar_pennies_from_heaven
D:4:      layout_basic, ashenzari_altar_1, serial_shops,
          nicolae_shop_back_alley_shop
D:5:      layout_gridville, mainiacjoe_overflow_big_doors, minmay_misc_feat_rows
D:6:      layout_cave_pods, lemuel_blue_sif_altar
D:7:      layout_loops_ring, lemuel_coloured_pillars_altar,
          minmay_temple_entry_trees, serial_shops, nicolae_lakefront_shop,
          kennysheep_generic_room_7, uniq_duvessa, uniq_prince_ribbit1
D:8:      layout_basic, cheibriados_altar_1, pdpol_wu_jian_five_deadly_venoms
D:9:      layout_loops_corners, kiku_gazebo_pond_becter,
          ebering_ghost_reflecting_pool, kennysheep_generic_room_13
D:10:     minmay_the_grid_four_pointed_star_mashed
          [minmay_the_grid_triangle_9x9_zippers_vertical,
          minmay_the_grid_triangle_9x9_steps,
          minmay_the_grid_triangle_9x9_alien,
          minmay_the_grid_triangle_9x9_shrine, minmay_the_grid_prize_trominoes],
          layout_irregular_city, enter_bailey_5, hangedman_decor_opposing,
          minivault_28, uniq_sonja

Skill      XL: |  1  2  3  4  5  6  7  8  9 10 |
---------------+-------------------------------+-----
Conjurations   | 1 2 3 5 6 7 |  7.3
Fire Magic     | 3 4 5 6 8 9 |  9.6
Spellcasting   | 3 4 5 7 8 9 |  9.6
Dodging        | |  1.7
Stealth        | |  1.4

Action                     |  1- 3 |  4- 6 |  7- 9 | 10-12 || total
---------------------------+-------+-------+-------+-------++-------
  Melee: Unarmed           |     3 |     4 |       |       ||     7
         Headbutt          |     1 |     2 |     1 |       ||     4
         Dagger            |       |     2 |       |       ||     2
         Quarterstaff      |       |       |     3 |       ||     3
         Staff             |       |       |       |     1 ||     1
   Cast: Foxfire           |    66 |   114 |   275 |    94 ||   549
         Scorch            |     1 |    14 |    42 |     9 ||    66
         Flame Wave        |       |       |     1 |     5 ||     6
    Use: Scroll            |       |       |    21 |     2 ||    23
         Potion            |       |       |     1 |       ||     1
 Armour: Robe              |    22 |    14 |    67 |    30 ||   133
  Dodge: Dodged            |     8 |    13 |    19 |    19 ||    59

Table legend: (Time is in decaauts)
 A = Elapsed time spent in this place.
 B = Non-inter-level travel time spent in this place.
 C = Inter-level travel time spent in this place.
 D = Time resting spent in this place.
 E = Time spent auto-exploring this place.
 F = Levels seen in this place.
 G = Mean time per level.
                   A        B        C        D        E       F      G
               +--------+--------+--------+--------+--------+-----+--------+
         Total |  12107 |  11646 |    461 |   1604 |   8411 |  10 | 1210.7 |
       Dungeon |  12107 |  11646 |    461 |   1604 |   8411 |  10 | 1210.7 |
               +--------+--------+--------+--------+--------+-----+--------+

Top non-repeatable levels by time:
     D:4: 1780 daAuts
     D:7: 1635 daAuts
     D:6: 1402 daAuts
     D:3: 1347 daAuts
     D:2: 1305 daAuts
     D:1: 1258 daAuts
     D:5: 1243 daAuts
     D:9: 1095 daAuts
     D:8: 1017 daAuts
    D:10: 20 daAuts
